 Dungeon Crawl Stone Soup version 0.22.0-38-g04b72b8 (webtiles) character file.

45818 KobiteSteel the Imperceptible (level 14, -2/82 HPs)
             Began as a Kobold Assassin on Aug 28, 2018.
             Was the Champion of Dithmenos.
             Killed from afar by a hell hound (19 damage)
             ... with a blast of flame
             ... on level 6 of the Lair of Beasts.
             The game lasted 01:08:45 (18398 turns).

KobiteSteel the Imperceptible (Kobold Assassin)    Turns: 18398, Time: 01:08:46

Health: -2/82      AC:  9    Str: 10    XL:     14   Next: 73%
Magic:  20/20      EV: 27    Int: 10    God:    Dithmenos [******]
Gold:   962        SH:  9    Dex: 23    Spells: 19/21 levels left

rFire    . . .     SeeInvis .   s - +5 dagger (elec)
rCold    . . .     Gourm    .   R - +1 buckler
rNeg     . . .     Faith    .   J - +0 troll leather armour
rPois    +         Spirit   .   v - +0 helmet
rElec    .         Reflect  .   x - +0 cloak
rCorr    .         Harm     .   (no gloves)
MR       +....                  w - +2 pair of boots
Stlth    ++++++++++             (no amulet)
HPRegen  0.63/turn              r - +3 ring of dexterity
MPRegen  0.17/turn              n - +3 ring of evasion

@: about to teleport, wreathed by umbra, drained
A: small, carnivore, dopey 1, sense surroundings 1, poison resistance
a: Shadow Step, Shadow Form, Renounce Religion


You were on level 6 of the Lair of Beasts.
You worshipped Dithmenos.
Dithmenos was exalted by your worship.
You were not hungry.

You visited 3 branches of the dungeon, and saw 19 of its levels.

You collected 1234 gold pieces.
You spent 272 gold pieces at shops.

Inventory:

Hand Weapons
 b - a +0 blowgun
 p - a +2 demon whip of venom
 s - a +5 dagger of electrocution (weapon)
 A - a +5 dagger
 B - a +2 antimagic dagger
 G - a +3 dagger of venom
 H - a +2 dagger of speed
Missiles
 e - 105 poisoned needles
 f - 14 curare-tipped needles
 Y - 4 needles of confusion
Armour
 c - the +1 robe of Afes {rCorr}
   (You bought it in a shop on level 5 of the Dungeon)

   It provides partial protection from all sources of acid and corrosion.
 d - a +0 cloak
 v - a +0 helmet (worn)
 w - a +2 pair of boots (worn)
 x - a +0 cloak (worn)
 y - the +0 robe of the Learner {rF- Str+3 Dex+3}
   (You bought it in a shop on level 5 of the Dungeon)

   It affects your strength (+3).
   It affects your dexterity (+3).
   It makes you vulnerable to fire.
 J - a +0 troll leather armour (worn)
 R - a +1 buckler (worn)
Jewellery
 n - a +3 ring of evasion (right hand)
 q - an uncursed ring of fire
 r - a +3 ring of dexterity (left hand)
 t - an uncursed ring of magical power
 u - the amulet of the Air {Inacc +Fly rElec EV+5 RMsl}
   (You found it on level 5 of the Dungeon)

   [amulet of inaccuracy]

   It reduces the accuracy of all your attacks.
   It affects your evasion (+5).
   It insulates you from electricity.
   It lets you fly.
   It protects you from missiles.
 N - an uncursed ring of poison resistance
 P - an uncursed ring of magical power
 Q - a cursed +2 ring of slaying
 U - an uncursed ring of magical power
 X - an uncursed amulet of rage {unknown}
Wands
 l - a wand of acid (5)
 C - a wand of paralysis (18)
 D - a wand of digging (12)
 L - a wand of flame (27)
 V - a wand of polymorph (8)
Scrolls
 a - 2 scrolls of immolation
 k - 4 scrolls of teleportation
 m - 5 scrolls of identify
 o - 2 scrolls of fog
 E - 3 scrolls of remove curse
 K - a scroll of magic mapping
 M - 2 scrolls of amnesia
 O - a scroll of blinking
 W - a scroll of fear
Potions
 h - 3 potions of ambrosia
 i - 3 potions of flight
 j - 3 potions of heal wounds
 z - 2 potions of agility
 F - 2 potions of might
 S - a potion of curing
 T - 2 potions of haste
Comestibles
 g - 5 rations


   Skills:
 + Level 7.4 Fighting
 - Level 10.5 Short Blades
 - Level 3.5 Throwing
 - Level 3.0 Armour
 - Level 10.5(10.4) Dodging
 + Level 21.9(21.8) Stealth
 * Level 6.1 Shields
 - Level 4.1 Spellcasting
 - Level 1.0 Translocations
 - Level 7.0(6.9) Invocations
 - Level 3.0(2.9) Evocations


You had 19 spell levels left.
You knew the following spells:

 Your Spells              Type           Power        Failure   Level  Hunger
a - Blink                 Tloc           N/A          32%         2    ##.....

Your spell library contained the following spells:

 Spells                   Type           Power        Failure   Level  Hunger
 Confusing Touch          Hex            #.....       32%         1    #......
 Corona                   Hex            #......      32%         1    #......
 Freeze                   Ice            #...         32%         1    #......
 Magic Dart               Conj           #...         32%         1    #......
 Summon Butterflies       Summ           #.......     32%         1    #......
 Call Imp                 Summ           #.......     45%         2    ##.....
 Ensorcelled Hibernation  Hex/Ice        #.....       45%         2    ##.....
 Slow                     Hex            #.......     45%         2    ##.....
 Throw Frost              Conj/Ice       #.....       45%         2    ##.....
 Gell's Gravitas          Tloc           #.........   54%         3    ###....
 Call Canine Familiar     Summ           #.......     69%         3    ###....
 Confuse                  Hex            #.......     69%         3    ###....
 Conjure Flame            Conj/Fire      #.......     69%         3    ###....
 Dazzling Spray           Conj/Hex       #.....       69%         3    ###....
 Mephitic Cloud           Conj/Pois/Air  #.......     69%         3    ###....
 Ozocubu's Armour         Chrm/Ice       #.......     69%         3    ###....
 Tukima's Dance           Hex            #.......     69%         3    ###....
 Cause Fear               Hex            #.........   97%         4    #####..
 Petrify                  Tmut/Erth      #.......     97%         4    #####..
 Summon Ice Beast         Ice/Summ       #.......     97%         4    #####..
 Throw Icicle             Conj/Ice       #.......     97%         4    #####..
 Metabolic Englaciation   Hex/Ice        #.........   100%        5    ######.
 Silence                  Hex/Air        #.........   100%        5    ######.
 Summon Mana Viper        Hex/Summ       #.......     100%        5    ######.
 Yara's Violent Unravell  Hex/Tmut       #.........   100%        5    ######.
 Deflect Missiles         Chrm/Air       #.........   100%        6    #######
 Summon Hydra             Summ           #.........   100%        7    #######
 Discord                  Hex            #.........   100%        8    #######


Dungeon Overview and Level Annotations

Branches:
Dungeon (12/15)            Temple (1/1) D:5            Lair (6/6) D:11
 Shoals (0/4) Lair:4        Snake (0/4) Lair:4        Slime (0/5) Lair:5
    Orc (0/2) D:9

Altars:
Ashenzari
Cheibriados
Dithmenos
Elyvilon
Fedhas
Hepliaklqana
Kikubaaqudgha
Makhleb
Nemelex Xobeh
Okawaru
Qazlal
Ru
Sif Muna
Trog
Uskayaw
Vehumet
Wu Jian
Xom
Yredelemnul
Zin
The Shining One
Jiyva

Shops:
D:5 [   D:10 !!

Annotations:
D:3 1 runed door, Defined's ghost, weakling DrCj
D:6 1 runed door
Lair:5 1 runed door


Innate Abilities, Weirdness & Mutations

You are small and have problems with some larger weapons.
You are carnivorous and can eat meat at any time.
You are dopey. (Int -2)
You passively map a small area around you.
Your system is resistant to poisons. (rPois)


Message History

Found 19 gold pieces.
The hell hound breathes flames at you. The blast of flame hits you!
A lava snake comes into view.
The hell hound breathes flames at you. The blast of flame hits you!
You emit a cloud of dark smoke.
As you read the scroll of teleportation, it crumbles to dust.
You feel strangely unstable. The hell hound bites you.
The hell hound stops to sniff the ground.
The hell hound completely misses you. The lava snake spits lava at you.
The glob of lava hits you! The lindwurm breathes flames at you.
The blast of flame hits the hell hound.
The hell hound completely resists.
The blast of flame misses you. The hell hound bites you!
* * * LOW HITPOINT WARNING * * *
The hell hound breathes flames at you. The blast of flame hits you!
You die...

##≈##.......§§§#, .. **
#≈≈#......†.§≈≈# )....* ≈≈,
#≈≈.........§§≈##$...##§≈...
≈
##≈≈.........##§######.§.§..
#≈≈........##≈≈≈≈≈§..S≈....
##≈≈.#.....#§≈≈≈§#.≈≈≈#...≈
#≈≈.#8#..#.§§§##k..##....§
*##≈≈###8##≈..§#h§§.......≈
** #8≈§ ###≈≈≈≈§@h§§.h.....S
###§§ #≈≈≈≈##§h§.......# * §
*#≈≈§####§§§......## ≈≈≈§§#
#8.........# * *
§###≈≈§≈##.####....# § ###§
#8#8* #..## *##*# ..# *** .#
* ##


You could see a lindwurm, 3 hell hounds and a lava snake.

Vanquished Creatures
  5 hydras
  Harold (D:7)
  4 two-headed ogres
  A death yak (Lair:3)
  Urug (D:12)
  2 manticores
  2 ugly things
  Maurice (D:9)
  19 elephants
  4 black mambas
  8 spiny frogs
  2 molten gargoyles (Lair:6)
  A rime drake (Lair:3)
  A kobold demonologist (D:11)
  5 komodo dragons
  5 trolls
  5 polar bears
  Prince Ribbit (D:6)
  7 hippogriffs
  17 blink frogs
  A snapping turtle (Lair:4)
  13 dream sheep
  Sigmund (D:2)
  12 yaks
  4 wyverns
  A wraith (D:10)
  4 basilisks
  4 hungry ghosts
  2 steam dragons (Lair:6)
  An acid dragon (D:11)
  A naga (Lair:4)
  6 water moccasins
  20 porcupines
  2 hell hounds (Lair:6)
  4 orc warriors
  2 sky beasts
  6 black bears
  An ice beast (D:9)
  6 ogres
  4 phantoms
  3 wolves
  13 crocodiles
  2 centaurs
  14 bullfrogs
  5 big kobolds
  9 scorpions
  2 troll zombies (D:9)
  10 killer bees
  An electric eel (Lair:4)
  5 wights (D:9)
  4 crimson imps
  3 howler monkeys (D:7)
  A centaur zombie (D:8)
  A quasit (D:8)
  7 hounds
  2 jellies
  9 orc priests
  A centaur skeleton (D:8)
  3 bullfrog skeletons
  7 worker ants
  Natasha (twice) (D:3)
  3 iguanas
  5 orc wizards
  4 ogre zombies (D:9)
  3 gnolls (D:6)
  A howler monkey zombie (D:8)
  11 adders
  2 shadow imps
  An adder zombie (D:5)
  2 adder skeletons
  A worm (D:2)
  2 dart slugs
  4 leopard geckos
  25 orcs
  2 ball pythons
  4 giant cockroaches
  9 goblins
  2 hobgoblins (D:1)
  20 jackals
  18 kobolds
  2 quokkas
  8 bats
  6 frilled lizards
  4 goblin zombies (D:9)
  2 hobgoblin skeletons (D:9)
  13 orc zombies
  7 rats
  A plant (D:5)
453 creatures vanquished.

Vanquished Creatures (others)
  3 fungi
  8 plants
11 creatures vanquished.

Grand Total: 464 creatures vanquished

Notes
Turn   | Place    | Note
-------+----------+-------------------------------------------
     0 | D:1      | KobiteSteel the Kobold Assassin began the quest for the Orb.
     0 | D:1      | Reached XP level 1. HP: 12/12 MP: 1/1
   135 | D:1      | Found an ornate altar of the Wu Jian Council.
   285 | D:1      | Reached XP level 2. HP: 17/17 MP: 2/2
   322 | D:1      | Reached skill level 6 in Stealth
   586 | D:1      | Reached XP level 3. HP: 18/21 MP: 3/3
  1563 | D:2      | Reached XP level 4. HP: 15/27 MP: 4/4
  1742 | D:2      | Reached skill level 7 in Stealth
  1855 | D:2      | Found a sacrificial altar of Ru.
  2075 | D:2      | Noticed Sigmund
  2095 | D:2      | Killed Sigmund
  2095 | D:2      | Reached skill level 5 in Short Blades
  2095 | D:2      | Reached XP level 5. HP: 26/31 MP: 5/5
  2095 | D:2      | Reached XP level 6. HP: 30/36 MP: 6/6
  2176 | D:2      | Reached skill level 8 in Stealth
  2390 | D:3      | Found a hazy altar of Hepliaklqana.
  2444 | D:3      | Noticed Natasha
  2475 | D:3      | Killed Natasha
  2587 | D:3      | Noticed Natasha
  2859 | D:3      | Found a glowing golden altar of the Shining One.
  2864 | D:3      | Found a runed door.
  2866 | D:3      | Noticed Defined's ghost (weakling DrCj)
  2897 | D:3      | Reached XP level 7. HP: 27/41 MP: 7/7
  3129 | D:3      | Killed Natasha
  3359 | D:3      | Found a sparkling altar of Nemelex Xobeh.
  3993 | D:5      | Entered Level 5 of the Dungeon
  4221 | D:5      | Reached skill level 9 in Stealth
  4312 | D:5      | Found a staircase to the Ecumenical Temple.
  4313 | D:5      | Found the amulet of the Air {Inacc +Fly rElec EV+5 RMsl}
  4386 | Temple   | Entered the Ecumenical Temple
  4600 | Temple   | Became a worshipper of Dithmenos the Shadowed
  4801 | D:5      | Found Tanail's Antique Armour Emporium.
  4804 | D:5      | Bought a twisted robe for 136 gold pieces
  4804 | D:5      | Identified the +0 robe of the Learner {rF- Str+3 Dex+3} (You bought it in a shop on level 5 of the Dungeon)
  5067 | D:6      | Reached XP level 8. HP: 24/48 MP: 8/8
  5259 | D:6      | Noticed Prince Ribbit
  5261 | D:6      | Killed Prince Ribbit
  5261 | D:6      | Reached skill level 1 in Armour
  5268 | D:6      | Reached skill level 10 in Stealth
  5284 | D:6      | Found a glowing silver altar of Zin.
  5285 | D:6      | Found a runed door.
  5285 | D:6      | Noticed an angel
  5379 | D:6      | Noticed an eight-headed hydra
  5386 | D:6      | Killed an eight-headed hydra
  5386 | D:6      | Reached skill level 11 in Stealth
  5386 | D:6      | Reached XP level 9. HP: 52/52 MP: 9/9
  5417 | D:6      | Reached skill level 12 in Stealth
  5748 | D:6      | Found an iron altar of Okawaru.
  6023 | D:7      | Reached * piety under Dithmenos
  6093 | D:7      | Reached skill level 5 in Dodging
  6348 | D:7      | Reached skill level 13 in Stealth
  6810 | D:5      | Bought a heavily jewelled robe for 136 gold pieces
  6810 | D:5      | Identified the +1 robe of Afes {rCorr} (You bought it in a shop on level 5 of the Dungeon)
  6930 | D:7      | Found a basalt altar of Yredelemnul.
  6934 | D:7      | Noticed Harold
  6947 | D:7      | Noticed a hippogriff
  6947 | D:7      | HP: 2/52 [hippogriff (4)]
  6949 | D:7      | Killed Harold
  6949 | D:7      | Reached skill level 1 in Spellcasting
  6949 | D:7      | Reached skill level 1 in Evocations
  6949 | D:7      | Reached XP level 10. HP: 23/58 MP: 9/12
  6951 | D:7      | Reached skill level 14 in Stealth
  7479 | D:8      | Noticed a two-headed ogre
  7482 | D:8      | Reached ** piety under Dithmenos
  7877 | D:8      | Killed a two-headed ogre
  7877 | D:8      | Reached skill level 5 in Fighting
  8410 | D:8      | Found a radiant altar of Vehumet.
  8410 | D:8      | Found an ancient bone altar of Kikubaaqudgha.
  8411 | D:8      | Found a deep blue altar of Sif Muna.
  8417 | D:8      | Identified Sif Muna's Compendium of Companions
  8521 | D:8      | Gained mutation: You passively map a small area around you. [potion of mutation]
  8521 | D:8      | Gained mutation: You are dopey. (Int -2) [potion of mutation]
  8521 | D:8      | Gained mutation: Your system is resistant to poisons. (rPois) [potion of mutation]
  8577 | D:8      | Reached XP level 11. HP: 52/64 MP: 15/15
  8826 | D:8      | Found an ornate altar of the Wu Jian Council.
  9148 | D:9      | Reached skill level 15 in Stealth
  9156 | D:9      | Found a staircase to the Orcish Mines.
  9461 | D:9      | Reached *** piety under Dithmenos
  9515 | D:9      | Reached skill level 1 in Invocations
  9956 | D:9      | Noticed a red ugly thing
  9970 | D:9      | Killed a red ugly thing
 10070 | D:9      | Noticed a two-headed ogre
 10072 | D:9      | Killed a two-headed ogre
 10116 | D:9      | Noticed a two-headed ogre
 10118 | D:9      | Killed a two-headed ogre
 10118 | D:9      | Reached skill level 10 in Short Blades
 10170 | D:9      | Noticed Maurice
 10177 | D:9      | Killed Maurice
 10570 | D:10     | Entered Level 10 of the Dungeon
 10570 | D:10     | Found Ruhir's Distillery.
 10579 | D:10     | Found Celaix's Distillery.
 10580 | D:10     | Reached **** piety under Dithmenos
 10692 | D:10     | Reached skill level 16 in Stealth
 10708 | D:10     | Found a deep blue altar of Sif Muna.
 10815 | D:10     | Noticed a two-headed ogre
 10822 | D:10     | Killed a two-headed ogre
 11138 | D:10     | Reached XP level 12. HP: 65/70 MP: 17/17
 11493 | D:11     | Found a staircase to the Lair.
 11517 | D:11     | Reached skill level 17 in Stealth
 11634 | D:11     | Reached ***** piety under Dithmenos
 12766 | D:12     | Found a blossoming altar of Fedhas.
 12864 | D:12     | Noticed Urug
 12869 | D:12     | Killed Urug
 12869 | D:12     | Reached skill level 18 in Stealth
 13507 | Lair:1   | Entered Level 1 of the Lair of Beasts
 13599 | Lair:1   | Learned a level 2 spell: Blink
 13773 | Lair:1   | Found a dark tunnel.
 14338 | Lair:1   | Reached skill level 10 in Dodging
 14633 | Lair:2   | Reached XP level 13. HP: 69/76 MP: 18/18
 14909 | Lair:2   | Reached skill level 1 in Translocations
 15033 | Lair:2   | Reached skill level 5 in Invocations
 15057 | Lair:2   | Reached skill level 1 in Shields
 15578 | Lair:3   | Noticed a six-headed hydra
 15582 | Lair:3   | Reached skill level 19 in Stealth
 15588 | Lair:3   | Killed a six-headed hydra
 15758 | Lair:3   | Noticed a seven-headed hydra
 15758 | Lair:3   | Noticed a four-headed hydra
 15760 | Lair:3   | Killed a seven-headed hydra
 15769 | Lair:3   | Killed a four-headed hydra
 15864 | Lair:3   | Reached skill level 20 in Stealth
 16674 | Lair:4   | Found a staircase to the Snake Pit.
 16734 | Lair:4   | Reached XP level 14. HP: 77/82 MP: 20/20
 16824 | Lair:4   | Reached ****** piety under Dithmenos
 17107 | Lair:4   | Found a staircase to the Shoals.
 17395 | Lair:5   | Reached skill level 21 in Stealth
 17543 | Lair:5   | Found a runed door.
 17544 | Lair:5   | Found a viscous altar of Jiyva.
 17546 | Lair:5   | Found a staircase to the Slime Pits.
 17568 | Lair:5   | Reached skill level 5 in Shields
 18083 | Lair:6   | Entered Level 6 of the Lair of Beasts
 18398 | Lair:6   | Killed from afar by a hell hound

Skill      XL: |  1  2  3  4  5  6  7  8  9 10 11 12 13 14 |
---------------+-------------------------------------------+-----
Stealth        | 6 7 8 9 11 13 14 16 18 20 21 | 21.9
Short Blades   | 3 5 6 7 8 9 10 | 10.5
Dodging        | 2 3 4 5 6 8 10 | 10.5
Fighting       | 3 4 5 6 7 |  7.4
Armour         | 2 3 |  3.0
Spellcasting   | 1 3 4 |  4.1
Evocations     | 1 2 3 |  3.0
Throwing       | 3 |  3.5
Invocations    | 3 4 6 7 |  7.0
Translocations | 1 |  1.0
Shields        | 3 6 |  6.1

Action                   |  1- 3 |  4- 6 |  7- 9 | 10-12 | 13-15 || total
-------------------------+-------+-------+-------+-------+-------++-------
Melee: Dagger            |    74 |   121 |   263 |   914 |   517 ||  1889
 Fire: Blowgun           |       |       |     6 |    13 |       ||    19
 Cast: Blink             |       |       |       |     7 |       ||     7
Invok: Shadow Step       |       |       |       |     1 |       ||     1
Evoke: Wand              |       |       |     9 |    12 |    14 ||    35
  Use: Scroll            |     3 |     1 |    12 |    13 |    10 ||    39
       Potion            |       |     5 |     1 |     9 |     1 ||    16
 Stab: Sleeping          |    10 |     5 |    17 |    53 |    57 ||   142
       Distracted        |       |       |     1 |     5 |     4 ||    10
       Paralysed         |       |       |       |       |     2 ||     2
  Eat: Ration            |     1 |     3 |     5 |    16 |     6 ||    31
       Chunk             |       |       |     2 |       |     2 ||     4
Armor: Robe              |    10 |    17 |    10 |    38 |       ||    75
       Leather armour    |       |       |    17 |       |       ||    17
       Skin              |       |       |       |    42 |       ||    42
       Troll leather arm |       |       |       |    24 |    21 ||    45
Dodge: Dodged            |    27 |    83 |   163 |   695 |   301 ||  1269
Block: Buckler           |       |       |       |       |   131 ||   131
